 Dungeon Crawl Stone Soup version 0.31-a0-819-gf6de2f5ab6 (webtiles) character file.

Game seed: 8731178133419085793

140 qw the Shooter (level 5, -2/32 HPs)
             Began as a Gargoyle Hunter on Sept 23, 2023.
             Killed from afar by Ijyb (11 damage)
             ... with a bolt of dispelling energy
             ... on level 3 of the Dungeon.
             The game lasted 00:00:44 (1628 turns).

qw the Shooter (Gargoyle Hunter)                    Turns: 1628, Time: 00:00:45

Health: -2/32      AC:  7    Str: 14    XL:     5   Next: 22%
Magic:  5/5        EV: 11    Int: 10    God:
Gold:   69         SH:  0    Dex: 15    Spells: 4/4 levels left

rFire   . . .        Y - +0 shortbow
rCold   . . .        (shield currently unavailable)
rNeg    + . .        c - +0 leather armour
rPois   inf          (no helmet)
rElec   +            (no cloak)
rCorr   +            (no gloves)
SInv    .            (no boots)
Will    .....        (no amulet)
Stlth   ++           i - ring of resist corrosion
HPRegen 0.25/turn    (no ring)
MPRegen 0.09/turn

%: no passive effects
@: no status effects
A: sickness immunity, AC +4, negative energy resistance 1, electricity
resistance, torment resistance 1, petrification resistance
a: no special abilities


You were on level 3 of the Dungeon.
You visited 1 branch of the dungeon, and saw 3 of its levels.

You collected 69 gold pieces.


Innate Abilities, Weirdness & Mutations

You are immune to sickness and miasma.
Your stone body is resilient. (AC +4)
You are immune to poison.
You resist negative energy. (rN+)
You are resistant to electric shocks. (rElec)
You are resistant to unholy torment.
You are immune to petrification.


   Skills:
 + Level 3.2 Fighting
 - Level 6.0 Ranged Weapons
 - Level 1.5 Dodging
 - Level 1.1 Stealth


You had 4 spell levels left.
You didn't know any spells.
Your spell library was empty.

Inventory:

Hand Weapons
 Y - a +0 shortbow (weapon)
Armour
 c - a +0 leather armour (worn)
Jewellery
 i - a ring of resist corrosion (left hand)
 j - a ring of magical power
Scrolls
 a - 2 scrolls of identify
 e - 2 scrolls of revelation {unknown}
 g - a scroll of enchant armour {unknown}
Potions
 b - 2 potions of curing {unknown}
 h - a potion of brilliance {unknown}

Dungeon Overview and Level Annotations

Branches:
Dungeon (3/15)

Altars:
Qazlal

Annotations:
D:3 Ijyb


Message History

Ijyb shouts!
You shoot an arrow. The arrow hits Ijyb but does no damage.
You shoot an arrow. The arrow hits Ijyb.
Ijyb is moderately wounded.
You shoot an arrow. The arrow hits Ijyb but does no damage.
Ijyb is moderately wounded.
You shoot an arrow. The arrow hits Ijyb.
Ijyb is moderately wounded.
Ijyb zaps a wand.
The bolt of dispelling energy hits you!
You shoot an arrow. The arrow hits Ijyb but does no damage.
Ijyb is moderately wounded.
You shoot an arrow. The arrow hits Ijyb.
Ijyb is moderately wounded.
Ijyb closely misses you.
You shoot an arrow. The arrow hits Ijyb but does no damage.
Ijyb is moderately wounded.
Ijyb hits you with a +0 dagger.
You shoot an arrow. The arrow hits Ijyb!
Ijyb is severely wounded.
Ijyb barely misses you.
You shoot an arrow. The arrow hits Ijyb but does no damage.
Ijyb is severely wounded.
Ijyb zaps a wand.
The bolt of dispelling energy hits you!
1624 ||| READING scroll of teleportation.
As you read the scroll of teleportation, it crumbles to dust.
You feel strangely unstable. Ijyb closely misses you.
1625 ||| DRINKING potion of heal wounds.
You feel much better. Ijyb hits you but does no damage.
You shoot an arrow. The arrow hits Ijyb but does no damage.
Ijyb is severely wounded.
Ijyb zaps a wand.
The bolt of dispelling energy hits you.
You feel strangely stable.
You shoot an arrow. The arrow barely misses Ijyb.
Ijyb hits you with a +0 dagger. x2
You shoot an arrow. The arrow hits Ijyb.
Ijyb is almost dead.
Ijyb zaps a wand.
The bolt of dispelling energy hits you!
You die...

#.....##....##.....
#.....########....)
####### #........ ##
#........ ...
#......## ....
#........ .....
#......#.
......#######
#......#.
......g@....#
#......#.
####........#
#........ #........#
#.....###
#........###########.
#....................
#....................
########.............
#.......(....#
#............#


You could see Ijyb.

Vanquished Creatures
  Jessica (D:3)
  5 adders
  3 worms
  A dart slug (D:1)
  4 ball pythons
  5 endoplasms (D:1)
  4 giant cockroaches
  5 goblins
  4 hobgoblins
  3 jackals (D:1)
  3 quokkas
  7 bats
  2 frilled lizards (D:1)
  5 kobolds
  5 rats
57 creatures vanquished.

Notes
Turn   | Place    | Note
-------+----------+-------------------------------------------
     0 | D:1      | qw the Gargoyle Hunter began the quest for the Orb.
     0 | D:1      | Reached XP level 1. HP: 12/12 MP: 1/1
     0 | D:1      | 0 ||| qw: Version: 0.3-a-83-gcd0e7d8
     0 | D:1      | 0 ||| qw: Game counter: 1444
     0 | D:1      | 0 ||| qw: Melee chars always use a shield: true
     0 | D:1      | 0 ||| qw: God list: Okawaru
     0 | D:1      | 0 ||| qw: Allow faded altars: false
     0 | D:1      | 0 ||| qw: Do Orc after clearing Dungeon:15 true
     0 | D:1      | 0 ||| qw: Do second Lair branch before Depths: true
     0 | D:1      | 0 ||| qw: Lair rune preference: random
     0 | D:1      | 0 ||| qw: Goals: Normal
     0 | D:1      | 0 ||| PLANNING D:1-11
   116 | D:1      | Reached XP level 2. HP: 17/17 MP: 2/2
   397 | D:1      | Reached XP level 3. HP: 20/21 MP: 3/3
   511 | D:1      | Reached skill level 5 in Ranged Weapons
   650 | D:1      | 650 ||| UPGRADING to ring of resist corrosion.
   651 | D:1      | 651 ||| READING 3 scrolls labelled NARPHO LUWYULU.
   652 | D:1      | 652 ||| READING scroll labelled MUCODWEKUEN.
   653 | D:1      | 653 ||| READING scroll labelled WAOGOF GUILAS.
   656 | D:1      | 656 ||| DRINKING 2 ruby potions.
   660 | D:1      | 660 ||| READING 2 scrolls of identify.
   660 | D:1      | 660 ||| IDENTIFYING fuming coppery potion
   661 | D:1      | 661 ||| DROPPING scroll of butterflies.
   662 | D:1      | 662 ||| DROPPING potion of degeneration.
   663 | D:1      | 663 ||| DROPPING potion of ambrosia.
   702 | D:2      | Found a stormy altar of Qazlal.
   843 | D:2      | Reached skill level 3 in Fighting
   852 | D:2      | Reached XP level 4. HP: 24/28 MP: 4/4
  1325 | D:2      | 1325 ||| DRINKING 2 fuming clear potions.
  1326 | D:2      | 1326 ||| READING 3 scrolls of identify.
  1326 | D:2      | 1326 ||| IDENTIFYING coppery potion
  1327 | D:2      | 1327 ||| READING 2 scrolls of identify.
  1327 | D:2      | 1327 ||| IDENTIFYING fuming pink potion
  1328 | D:2      | 1328 ||| DROPPING potion of invisibility.
  1329 | D:2      | 1329 ||| DROPPING potion of lignification.
  1494 | D:3      | Noticed Jessica
  1497 | D:3      | Killed Jessica
  1498 | D:3      | Reached XP level 5. HP: 32/32 MP: 5/5
  1524 | D:3      | Reached skill level 6 in Ranged Weapons
  1614 | D:3      | Noticed Ijyb
  1623 | D:3      | HP: 6/32 [Ijyb/bolt of dispelling energy (14)]
  1624 | D:3      | 1624 ||| READING scroll of teleportation.
  1625 | D:3      | 1625 ||| DRINKING potion of heal wounds.
  1628 | D:3      | Killed from afar by Ijyb

Levels and vault maps discovered:
D:1:      dpeg_arrival_rhombi, layout_basic, corner_web_ring
D:2:      layout_basic, basic_altar
D:3:      layout_basic, grunt_ministairs_6, uniq_ijyb, uniq_jessica

Skill      XL: |  1  2  3  4  5 |
---------------+----------------+-----
Ranged Weapons | 5 6 |  6.0
Fighting       | 3 |  3.2
Dodging        | |  1.5
Stealth        | |  1.1

Action                     |  1- 3 |  4- 6 || total
---------------------------+-------+-------++-------
   Fire: Shortbow          |   109 |    73 ||   182
    Use: Scroll            |     4 |     3 ||     7
         Potion            |     1 |     2 ||     3
 Armour: Leather armour    |    26 |    12 ||    38
  Dodge: Dodged            |    34 |     9 ||    43

Table legend:
 A = Non-vault XP
 B = Vault XP
 C = Vault XP percentage of total XP
 D = Non-vault monster count
 E = Vault monster count
 F = Vault count percentage of total count
                 A         B        C        D         E       F
            +---------+---------+-------+---------+---------+-------
      Total |     148 |      52 |  26.0 |      54 |       3 |   5.3
            +---------+---------+-------+---------+---------+-------
        D:1 |      49 |       0 |   0.0 |      28 |       0 |   0.0
        D:2 |      56 |       0 |   0.0 |      10 |       0 |   0.0
        D:3 |      43 |      52 |  54.7 |      16 |       3 |  15.8
            +---------+---------+-------+---------+---------+-------
